 Dungeon Crawl Stone Soup version 0.32-a0-933-ga8fa3634e4 (webtiles) character file.

Game seed: 16865395066191562724

247 KennySheep the Shooter (level 5, -1/46 HPs)
             Began as a Deep Elf Hunter on Apr 15, 2024.
             Was a Plaything of Xom.
             Killed from afar by an orc wizard (6 damage)
             ... with a magic dart
             ... on level 4 of the Dungeon.
             The game lasted 00:08:32 (2721 turns).

KennySheep the Shooter (Deep Elf Hunter)            Turns: 2721, Time: 00:08:33

Health: -1/46      AC:  4    Str:  8    XL:     5   Next: 85%
Magic:  11/11      EV: 12    Int: 14    God:    Xom [..*...]
Gold:   190        SH:  0    Dex: 20    Spells: 10/10 levels left

rFire   + . .        a - +0 shortbow
rCold   + . .        (shield currently unavailable)
rNeg    . . .        c - +0 leather armour
rPois   +            (helmet restricted)
rElec   +            (no cloak)
rCorr   +            k - +0 pair of gloves
SInv    .            (no boots)
Will    .....        (no amulet) Stlth
                     g - ring of flight
HPRegen 0.27/turn    (no ring)
MPRegen 0.12/turn

%: no passive effects
@: mighty, berserking, resistant, flying, very quick
A: horns 2, electricity resistance
a: Renounce Religion


You were on level 4 of the Dungeon.
You worshipped Xom.
You were a toy of Xom.
You visited 1 branch of the dungeon, and saw 4 of its levels.

You collected 190 gold pieces.

Inventory:

Hand Weapons
 a - a +0 shortbow (weapon)
Armour
 c - a +0 leather armour (worn)
 k - a +0 pair of gloves (worn)
Jewellery
 g - a ring of flight (left hand)
 r - a ring of protection from fire
Scrolls
 b - a scroll of butterflies
 d - 2 scrolls of blinking {unknown}
 e - 2 scrolls of amnesia {unknown}
 f - a scroll of fog {unknown}
 h - a scroll of immolation {unknown}
 i - a scroll of noise {unknown}
 j - a scroll of acquirement {unknown}
 l - 2 scrolls of fear {unknown}
 m - a scroll of identify {unknown}
 n - a scroll of vulnerability {unknown}
 x - a scroll of silence {unknown}
 y - a scroll of brand weapon {unknown}
Potions
 o - a potion of mutation
 v - a potion of attraction {unknown}
 w - a potion of degeneration {unknown}


   Skills:
 + Level 2.6 Fighting
 + Level 6.3 Ranged Weapons
 + Level 3.9 Dodging
 + Level 3.5 Stealth
 + Level 3.2 Spellcasting


You had 10 spell levels left.
You didn't know any spells.
Your spell library was empty.

Dungeon Overview and Level Annotations

Branches:
Dungeon (4/15)
 Temple: D:4-7

Altars:
Ashenzari
Nemelex Xobeh
Xom


Innate Abilities, Weirdness & Mutations

You have a pair of horns on your head.
You are resistant to electric shocks. (rElec)


Message History

The horns on your head grow some more.
Xom thinks this is hilarious!
Something hits you.
* * * LOW HITPOINT WARNING * * *
Okay, then.
It was a potion of magic.
Magic courses through your body.
You hear some strange, mumbled words.
Something tries to affect you, but you resist.
It was a potion of curing.
You feel better.
Reactivating autopickup.
An orc wizard appears from thin air!
The orc wizard hits you with a +0 dagger.
* * * LOW HITPOINT WARNING * * *
It was a potion of resistance.
You feel protected.
The orc wizard hits you with a +0 dagger.
* * * LOW HITPOINT WARNING * * *
It was a potion of might.
You feel very mighty all of a sudden.
Xom roars with laughter!
The orc wizard casts a spell.
The orc wizard flickers and vanishes!
Deactivating autopickup; reactivate with Ctrl-A.
It was a potion of berserk rage.
A red film seems to cover your vision as you go berserk!
You feel yourself moving faster!
You feel mighty! Something hits you but does no damage.
You closely miss something. You headbutt something! Something hits you.
* * * LOW HITPOINT WARNING * * *
Okay, then.
You miss something. Something hits you.
* * * LOW HITPOINT WARNING * * *
You closely miss something. You barely miss something.
Your headbutt misses something. Something hits you but does no damage.
You hear some strange, mumbled words.
A magic dart appears from out of thin air!
The magic dart hits you.
You die... "It's all fun and games until someone loses an eye."

#.##.##.#..#ß...._####.#
#.......#####ß..ß##.#..#
####.#######.#..# ##..##
#.##...#....#####.##
#.#......#........#
#....#.......#.##.#
###.....#.##......#
##...##.####....##
######@{).†.....####
######.......)#
#.....(...).#
#........##.. #........#
# #......<...
####..##### ##.# #.#


There were no monsters in sight!

Vanquished Creatures
  A scorpion (D:4)
  A bombardier beetle (D:3)
  An orc priest (D:3)
  2 adders (D:3)
  6 dart slugs
  2 ribbon worms
  9 orcs
  8 ball pythons
  5 endoplasms
  2 giant cockroaches
  8 goblins
  10 hobgoblins
  10 kobolds
  A quokka (D:4)
  3 bats
  3 frilled lizards (D:1)
  9 rats
81 creatures vanquished.

Notes
Turn   | Place    | Note
-------+----------+-------------------------------------------
     0 | D:1      | KennySheep the Deep Elf Hunter began the quest for the Orb.
     0 | D:1      | Reached XP level 1. HP: 12/12 MP: 3/3
   187 | D:1      | Reached XP level 2. HP: 17/17 MP: 3/5
   243 | D:1      | Reached skill level 1 in Spellcasting
   820 | D:1      | Reached XP level 3. HP: 21/21 MP: 7/7
  1025 | D:2      | Identified the +1 dagger "Peom" {heavy, Str+4 Dex+5}
  1655 | D:3      | Identified the +1 ring mail of Ganleydi {rN+ Will+}
  1721 | D:3      | Reached XP level 4. HP: 26/26 MP: 9/9
  1733 | D:3      | Found a faded altar of an unknown god.
  1872 | D:3      | Prayed at the altar of an unknown god.
  1872 | D:3      | Became a worshipper of Xom of Chaos
  2087 | D:3      | Reached skill level 6 in Ranged Weapons
  2087 | D:3      | Reached XP level 5. HP: 31/31 MP: 10/10
  2318 | D:3      | XOM: silly message
  2504 | D:4      | Found a sparkling altar of Nemelex Xobeh.
  2542 | D:4      | Found a broken altar of Ashenzari.
  2712 | D:4      | Gained mutation: You are resistant to electric shocks.
                  | (rElec) [potion of mutation]
  2712 | D:4      | Gained mutation: You have a pair of small horns on your
                  | head. [potion of mutation]
  2712 | D:4      | Gained mutation: You have a pair of horns on your head.
                  | [potion of mutation]
  2721 | D:4      | Killed from afar by an orc wizard

Illustrated notes

Levels and vault maps discovered:
D:1:      dpeg_arrival_round_a, layout_basic, serial_curves, eino_curves_02,
          eino_curves_04, eino_curves_03, eino_curves_01,
          nicolae_figureground_sparkle
D:2:      layout_rooms, minivault_19, hangedman_decor_riveting, feat_on_display
D:3:      layout_basic, chequers_ecumenical_altar_simple_redux,
          minmay_misc_feat_doors, kennysheep_generic_room_15
D:4:      minmay_octagon_keep, layout_loops_cross, nemelex_diamond_rough_becter,
          minitemple, minmay_manual_maat

Skill      XL: |  1  2  3  4  5 |
---------------+----------------+-----
Spellcasting   | 1 2 3 |  3.2
Stealth        | 2 3 |  3.5
Dodging        | 3 |  3.9
Fighting       | 2 |  2.6
Ranged Weapons | 6 |  6.3

Action                     |  1- 3 |  4- 6 || total
---------------------------+-------+-------++-------
  Melee: Shortbow          |       |     4 ||     4
         Headbutt          |       |     1 ||     1
   Fire: Shortbow          |   132 |    95 ||   227
    Use: Potion            |       |     6 ||     6
 Armour: Leather armour    |    23 |    31 ||    54
  Dodge: Dodged            |    13 |     9 ||    22

Table legend: (Time is in decaauts)
 A = Elapsed time spent in this place.
 B = Non-inter-level travel time spent in this place.
 C = Inter-level travel time spent in this place.
 D = Time resting spent in this place.
 E = Time spent auto-exploring this place.
 F = Levels seen in this place.
 G = Mean time per level.
                   A        B        C        D        E       F      G
               +--------+--------+--------+--------+--------+-----+--------+
         Total |   2757 |   2686 |     71 |    145 |   2058 |   4 |  689.2 |
       Dungeon |   2757 |   2686 |     71 |    145 |   2058 |   4 |  689.2 |
               +--------+--------+--------+--------+--------+-----+--------+

Top non-repeatable levels by time:
     D:1: 1032 daAuts
     D:3: 847 daAuts
     D:2: 541 daAuts
     D:4: 335 daAuts
